Heat vs Marlies
(R1)
Created - January 6, 2022 at 19:01
Goals
|
Heat |
2 |
1 |
0 |
3 |
Marlies |
0 |
1 |
3 |
4 |
|
Shots
|
Heat |
7 |
15 |
10 |
32 |
Marlies |
14 |
10 |
11 |
35 |
|
1st period
1. Heat , Evgeny Svechnikov 3 (Ryan Spooner 7) at 12:28
2. Heat , Matthew Nieto 10 (Greg Pateryn 8, Kevin Labanc 12) at 15:14
Penalties :
Greg Pateryn (Sto) for Boarding (Minor) at 1:02, Dennis Gilbert (Tor) for Roughing (Minor) at 19:08
2nd period
3. Marlies , Pavel Zacha 7 (Nick Ritchie 8, Nicholas Baptiste 7) at 8:10
4. Heat , Matthew Nieto 11 (Greg Pateryn 9) at 13:50
Penalties :
Jake DeBrusk (Sto) for Hooking (Minor) at 1:05, Victor Rask (Sto) for Delaying the game (Minor) at 8:13, Linden Vey (Tor) for Roughing (Minor) at 8:41
3rd period
5. Marlies , Pavel Zacha 8 (JT Compher 7, Neal Pionk 11) at 4:02 (SH)
6. Marlies , Nick Ritchie 9 (Pavel Zacha 7, Tobias Lindberg 1) at 16:24
7. Marlies , Nick Ritchie 10 (Tim Erixon 4, Nicholas Baptiste 8) at 17:23
Penalties :
Tyler Benson (Tor) for Interference (Minor) at 2:21, Petteri Lindbohm (Sto) for Hooking (Minor) at 6:35, Tyler Shattock (Sto) for Boarding (Minor) at 9:00, Colton Sissons (Tor) for Roughing (Minor) at 17:42
Goalie Stats
Michael Hutchinson (Sto), 31 saves from 35 shots - (0.886), L, 6-3-1, 60:00 minutes
Charlie Lindgren (Tor), 29 saves from 32 shots - (0.906), W, 3-2-1, 60:00 minutes
Players Stats for Heat
Player Name G A P +/- PIM S H SB GA TA FO MP PP MP PK MP
------------------------------------------------------------------------------------
Barclay Goodrow 0 0 0 0 0 2 0 1 0 0 0/1 9:38 0:00 0:00
Chris Brown 0 0 0 0 0 2 1 1 1 0 2/7 8:54 0:00 0:26
Evgeny Svechnikov 1 0 1 0 0 4 1 0 0 0 0/0 14:00 2:35 0:00
Frank Corrado 0 0 0 -1 0 2 1 1 0 1 0/0 20:16 1:52 3:07
Greg Pateryn 0 2 2 0 2 1 2 1 0 0 0/0 26:25 4:31 4:19
Jake DeBrusk 0 0 0 0 2 0 1 0 1 0 0/0 17:05 2:34 2:27
Jesper Bratt 0 0 0 0 0 0 0 0 0 0 0/0 8:18 0:00 0:00
John Gilmour 0 0 0 0 0 0 1 1 0 1 0/0 12:20 0:00 0:00
Kevin Labanc 0 1 1 -1 0 7 3 0 0 0 0/2 23:11 3:48 4:58
Mathieu Brodeur 0 0 0 0 0 0 2 2 1 0 0/0 27:29 4:31 5:15
Matthew Nieto 2 0 2 -1 0 6 2 0 1 0 0/0 17:34 3:44 0:19
Nico Sturm 0 0 0 0 0 2 1 2 0 0 9/14 15:01 0:00 4:42
Peter Cehlarik 0 0 0 0 0 3 0 1 0 0 0/0 12:23 0:00 1:24
Petteri Lindbohm 0 0 0 0 2 0 0 2 0 1 0/0 13:42 0:00 0:56
Rasmus Andersson 0 0 0 -1 0 1 2 1 0 0 0/0 20:11 1:52 3:07
Ryan Spooner 0 1 1 0 0 1 1 1 0 1 5/8 17:31 2:39 2:12
Tyler Shattock 0 0 0 0 2 0 2 1 0 0 0/0 8:41 0:00 0:00
Victor Rask 0 0 0 -1 2 1 0 0 0 0 15/29 17:21 3:48 0:16
Players Stats for Marlies
Player Name G A P +/- PIM S H SB GA TA FO MP PP MP PK MP
------------------------------------------------------------------------------------
Aleksi Saarela 0 0 0 -1 0 1 0 0 0 0 2/3 9:51 0:08 1:13
Colton Sissons 0 0 0 0 2 3 0 1 1 1 10/26 21:18 5:09 3:30
Dennis Gilbert 0 0 0 0 2 1 0 1 0 0 0/0 10:22 0:04 0:00
Haydn Fleury 0 0 0 -1 0 1 2 1 0 1 0/0 26:59 2:27 4:09
Jeff Corbett 0 0 0 2 0 1 0 3 0 1 0/0 17:44 0:28 2:14
Johan Larsson 0 0 0 -1 0 0 2 0 0 0 0/0 9:43 0:36 0:49
JT Compher 0 1 1 1 0 3 2 1 1 0 0/0 14:41 3:05 0:51
Linden Vey 0 0 0 0 2 4 2 0 0 0 1/1 15:20 5:04 0:00
Logan Brown 0 0 0 0 0 1 3 0 0 0 8/11 10:26 0:00 0:08
Lucas Carlsson 0 0 0 0 0 1 1 0 1 0 0/0 16:30 5:55 0:00
Mathieu Olivier 0 0 0 0 0 0 2 0 0 0 1/1 11:06 0:00 0:00
Neal Pionk 0 1 1 1 0 2 0 2 0 0 0/0 23:42 5:27 2:10
Nicholas Baptiste 0 2 2 1 0 1 4 1 0 0 0/0 16:58 3:05 0:00
Nick Ritchie 2 1 3 1 0 7 1 0 0 0 1/2 23:43 4:41 4:31
Pavel Zacha 2 1 3 2 0 3 4 1 1 0 7/16 18:52 3:05 1:44
Tim Erixon 0 1 1 0 0 3 1 2 0 1 0/0 24:46 2:27 4:13
Tobias Lindberg 0 1 1 -1 0 0 1 0 0 0 0/0 8:09 0:08 0:00
Tyler Benson 0 0 0 0 2 3 1 0 0 0 0/1 11:50 0:00 0:00
3 Stars
1 - Pavel Zacha (Tor)
2 - Nick Ritchie (Tor)
3 - Matthew Nieto (Sto)
Power Play
Heat - 0 on 4 Attempt(s) - 0.00%
Marlies - 0 on 5 Attempt(s) - 0.00%
Penalty Kill
Heat - 5 on 5 Attempt(s) - 100.00%
- Score 0 goal in Penalty Kill
Marlies - 4 on 4 Attempt(s) - 100.00%
- Score 1 goal in Penalty Kill
Team Stat
Heat - Hits : 20 - Faceoff Wins : 31 - Blocked Shots : 15 - Penalty Minutes : 10
Marlies - Hits : 26 - Faceoff Wins : 30 - Blocked Shots : 13 - Penalty Minutes : 8
Official
Referees : Jacob Brenk and Brandon Schrader
Linesman : Brad Kovachik and Jonny Murray
Game Notes
No Game Note
Finance
Level 1 -- Attendance: 1677 (83.85%) -- Ticket Income $58,695
Level 2 -- Attendance: 900 (90.00%) -- Ticket Income $13,500
Total Attendance: 2577 (85.90%)
Total Ticket Income: $72,195
Other Income: $3,610
Total Income: $75,805
Heat
5 vs 5 Forward
Center Left Wing Right Wing Time % Phy DF OF
1 Victor Rask Matthew Nieto Kevin Labanc 40 1 2 2
2 Ryan Spooner Jake DeBrusk Evgeny Svechnikov 30 1 2 2
3 Nico Sturm Peter Cehlarik Barclay Goodrow 20 1 2 2
4 Chris Brown Jesper Bratt Tyler Shattock 10 1 2 2
5 vs 5 Defense
Defense Defense Time % Phy DF OF
1 Mathieu Brodeur Greg Pateryn 40 1 2 2
2 Rasmus Andersson Frank Corrado 30 1 2 2
3 John Gilmour Petteri Lindbohm 20 1 2 2
4 Mathieu Brodeur Greg Pateryn 10 1 2 2
PowerPlay Forward
Center Left Wing Right Wing Time % Phy DF OF
1 Victor Rask Matthew Nieto Kevin Labanc 60 1 2 2
2 Ryan Spooner Jake DeBrusk Evgeny Svechnikov 40 1 2 2
PowerPlay Defense
Defense Defense Time % Phy DF OF
1 Mathieu Brodeur Greg Pateryn 60 1 2 2
2 Rasmus Andersson Frank Corrado 40 1 2 2
Penalty Kill 4 Players Forward
Center Wing Time % Phy DF OF
1 Nico Sturm Kevin Labanc 60 1 2 2
2 Ryan Spooner Jake DeBrusk 40 1 2 2
Penalty Kill 4 Players Defense
Defense Defense Time % Phy DF OF
1 Mathieu Brodeur Greg Pateryn 60 1 2 2
2 Rasmus Andersson Frank Corrado 40 1 2 2
Penalty Kill - 3 Players Forward
Forward Time % Phy DF OF
1 Nico Sturm 60 1 2 2
2 Matthew Nieto 40 1 2 2
Penalty Kill - 3 Players Defense
Defense Defense Time % Phy DF OF
1 Mathieu Brodeur Greg Pateryn 60 1 2 2
2 Rasmus Andersson Frank Corrado 40 1 2 2
4 vs 4 Forward
Center Wing Time % Phy DF OF
1 Victor Rask Kevin Labanc 60 1 2 2
2 Nico Sturm Matthew Nieto 40 1 2 2
4 vs 4 Defense
Defense Defense Time % Phy DF OF
1 Mathieu Brodeur Greg Pateryn 60 1 2 2
2 Rasmus Andersson Frank Corrado 40 1 2 2
Last Minutes Offensive
Center Left Wing Right Wing Defense Defense
Victor Rask Matthew Nieto Kevin Labanc Mathieu Brodeur Greg Pateryn
Last Minutes Defensive
Center Left Wing Right Wing Defense Defense
Victor Rask Matthew Nieto Kevin Labanc Mathieu Brodeur Greg Pateryn
Goaltenders
Starting : Michael Hutchinson
Backup : Vitek Vanecek
Extra Forwards
Normal : Ryan Spooner, Nico Sturm, Peter Cehlarik - PP : Ryan Spooner, Nico Sturm - PK : Peter Cehlarik
Extra Defensemen
Normal : John Gilmour, Petteri Lindbohm, Rasmus Andersson - PP : John Gilmour - PK : Petteri Lindbohm, Rasmus Andersson
Penalty Shots
Matthew Nieto, Kevin Labanc, Jake DeBrusk, Victor Rask, Evgeny Svechnikov
Scratches
Alexander True (Healthy), Brandon Hickey (Healthy), Christian Jaros (Healthy), Dominik Masin (Healthy), Eric Karlsson (Healthy)
Philip Varone (Bruised Right Arm Injury), Ryan Donato (Healthy), Trevor Carrick (Healthy), Vladislav Kamenev (Healthy), Tage Thompson (Healthy)
Radim Zohorna (Healthy), Nathan Lieuwen (Healthy), Collin Delia (Healthy)
Marlies
5 vs 5 Forward
Center Left Wing Right Wing Time % Phy DF OF
1 Pavel Zacha Nick Ritchie Nicholas Baptiste 40 1 2 2
2 Logan Brown JT Compher Linden Vey 30 1 2 2
3 Colton Sissons Tyler Benson Mathieu Olivier 20 1 2 2
4 Aleksi Saarela Johan Larsson Tobias Lindberg 10 1 2 2
5 vs 5 Defense
Defense Defense Time % Phy DF OF
1 Haydn Fleury Neal Pionk 40 1 2 2
2 Tim Erixon Jeff Corbett 30 1 2 2
3 Dennis Gilbert Lucas Carlsson 20 1 2 2
4 Haydn Fleury Tim Erixon 10 1 2 2
PowerPlay Forward
Center Left Wing Right Wing Time % Phy DF OF
1 Colton Sissons Nick Ritchie Linden Vey 60 1 2 2
2 Pavel Zacha JT Compher Nicholas Baptiste 40 1 2 2
PowerPlay Defense
Defense Defense Time % Phy DF OF
1 Neal Pionk Lucas Carlsson 60 1 2 2
2 Haydn Fleury Tim Erixon 40 1 2 2
Penalty Kill 4 Players Forward
Center Wing Time % Phy DF OF
1 Colton Sissons Nick Ritchie 60 1 2 2
2 Pavel Zacha JT Compher 40 1 2 2
Penalty Kill 4 Players Defense
Defense Defense Time % Phy DF OF
1 Haydn Fleury Tim Erixon 60 1 2 2
2 Neal Pionk Jeff Corbett 40 1 2 2
Penalty Kill - 3 Players Forward
Forward Time % Phy DF OF
1 Colton Sissons 60 1 2 2
2 Pavel Zacha 40 1 2 2
Penalty Kill - 3 Players Defense
Defense Defense Time % Phy DF OF
1 Haydn Fleury Tim Erixon 60 1 2 2
2 Neal Pionk Jeff Corbett 40 1 2 2
4 vs 4 Forward
Center Wing Time % Phy DF OF
1 Colton Sissons Nick Ritchie 60 1 2 2
2 Pavel Zacha JT Compher 40 1 2 2
4 vs 4 Defense
Defense Defense Time % Phy DF OF
1 Haydn Fleury Tim Erixon 60 1 2 2
2 Neal Pionk Jeff Corbett 40 1 2 2
Last Minutes Offensive
Center Left Wing Right Wing Defense Defense
Colton Sissons Nick Ritchie Linden Vey Haydn Fleury Neal Pionk
Last Minutes Defensive
Center Left Wing Right Wing Defense Defense
Colton Sissons Nick Ritchie Linden Vey Haydn Fleury Tim Erixon
Goaltenders
Starting : Charlie Lindgren
Backup : Malcolm Subban
Extra Forwards
Normal : Colton Sissons, Pavel Zacha, Nicholas Baptiste - PP : Colton Sissons, Pavel Zacha - PK : Colton Sissons
Extra Defensemen
Normal : Jeff Corbett, Haydn Fleury, Lucas Carlsson - PP : Jeff Corbett - PK : Haydn Fleury, Jeff Corbett
Penalty Shots
Colton Sissons, Aleksi Saarela, JT Compher, Linden Vey, Pavel Zacha
Scratches
Brett Pesce (Healthy), Brycen Martin (Healthy), Henri Ikonen (Healthy), Jaden Lindo (Healthy), Jakob Forsbacka-Karlsson (Healthy)
Radovan Bondra (Healthy), Shane Prince (Healthy), Simon Bourque (Healthy), Zack MacEwen (Healthy), Otto Koivula (Healthy)
Jamie Phillips (Healthy)
% Time on Ice - Heat
Lines # - Real PCT - Wanted PCT - Time Play
Normal Forward
1 - 32% - 40% - 14:05
2 - 27% - 30% - 11:41
3 - 22% - 20% - 9:27
4 - 19% - 10% - 8:18
Normal Defense
1 - 35% - 40% - 15:16
2 - 33% - 30% - 14:27
3 - 27% - 20% - 11:38
4 - 5% - 10% - 2:10
PP Forward
1 - 60% - 60% - 3:48
2 - 40% - 40% - 2:35
PP Defense
1 - 71% - 60% - 4:31
2 - 29% - 40% - 1:52
PK Forward
1 - 74% - 60% - 6:10
2 - 26% - 40% - 2:12
PK Defense
1 - 63% - 60% - 5:15
2 - 37% - 40% - 3:07
PK3 Forward
1 - 0% - 60%
2 - 0% - 40%
PK3 Defense
1 - 0% - 60%
2 - 0% - 40%
44 Forward
1 - 100% - 60% - 1:33
2 - 0% - 40% - 0:00
44 Defense
1 - 52% - 60% - 0:48
2 - 48% - 40% - 0:45
Last Minute Offensive - 0:11
Last Minute Defensive - 0:00
Total
Forward - 60:00
Defense - 60:00
|
% Time on Ice - Marlies
Lines # - Real PCT - Wanted PCT - Time Play
Normal Forward
1 - 33% - 40% - 14:15
2 - 24% - 30% - 10:22
3 - 25% - 20% - 11:06
4 - 18% - 10% - 7:49
Normal Defense
1 - 38% - 40% - 16:35
2 - 32% - 30% - 14:06
3 - 24% - 20% - 10:19
4 - 6% - 10% - 2:32
PP Forward
1 - 63% - 60% - 5:17
2 - 37% - 40% - 3:05
PP Defense
1 - 72% - 60% - 5:59
2 - 28% - 40% - 2:23
PK Forward
1 - 89% - 60% - 5:40
2 - 11% - 40% - 0:43
PK Defense
1 - 66% - 60% - 4:13
2 - 34% - 40% - 2:10
PK3 Forward
1 - 0% - 60%
2 - 0% - 40%
PK3 Defense
1 - 0% - 60%
2 - 0% - 40%
44 Forward
1 - 84% - 60% - 1:18
2 - 16% - 40% - 0:15
44 Defense
1 - 60% - 60% - 0:56
2 - 40% - 40% - 0:37
Last Minute Offensive - 0:00
Last Minute Defensive - 0:10
Total
Forward - 60:00
Defense - 60:00
|
Play-by-Play
1st period
0:01 of 1st period - Victor Rask wins face-off versus Pavel Zacha in neutral zone.
0:26 of 1st period - JT Compher is hit by Jake DeBrusk.
0:50 of 1st period - Snap shot by Colton Sissons.
0:50 of 1st period - Shot Misses the Net.
0:52 of 1st period - Snap shot by Dennis Gilbert.
0:52 of 1st period - Stopped by Michael Hutchinson with a rebound.
0:54 of 1st period - Slapshot by Dennis Gilbert.
0:54 of 1st period - Shot Blocked by Nico Sturm.
1:02 of 1st period - Minor Penalty to Greg Pateryn for Boarding.
1:03 of 1st period - Colton Sissons wins face-off versus Kevin Labanc in Heat zone.
1:10 of 1st period - Snap shot by Colton Sissons.
1:10 of 1st period - Stopped by Michael Hutchinson with a rebound.
1:12 of 1st period - Slapshot by Lucas Carlsson.
1:12 of 1st period - Stopped by Michael Hutchinson without a rebound.
1:13 of 1st period - Nico Sturm wins face-off versus Colton Sissons in Heat zone.
1:30 of 1st period - Snap shot by Nick Ritchie.
1:30 of 1st period - Stopped by Michael Hutchinson with a rebound.
1:32 of 1st period - Slapshot by Neal Pionk.
1:32 of 1st period - Shot Misses the Net.
1:34 of 1st period - Slapshot by Nick Ritchie.
1:34 of 1st period - Shot Blocked by Nico Sturm.
1:36 of 1st period - Slapshot by Neal Pionk.
1:36 of 1st period - Shot Blocked by Frank Corrado.
1:38 of 1st period - Slapshot by Neal Pionk.
1:38 of 1st period - Stopped by Michael Hutchinson with a rebound.
1:40 of 1st period - Slapshot by Linden Vey.
1:40 of 1st period - Shot Misses the Net.
2:34 of 1st period - Slapshot by Linden Vey.
2:34 of 1st period - Shot Misses the Net.
2:36 of 1st period - Snap shot by Nick Ritchie.
2:36 of 1st period - Deflect By Linden Vey.
2:36 of 1st period - Shot Blocked by Petteri Lindbohm.
2:36 of 1st period - Puck is out of play.
2:37 of 1st period - Ryan Spooner wins face-off versus Pavel Zacha in Heat zone.
2:37 of 1st period - Ryan Spooner is hit by Pavel Zacha.
3:02 of 1st period - Penalty to Greg Pateryn is over, Greg Pateryn is back on ice.
3:29 of 1st period - Mathieu Brodeur is hit by Johan Larsson and loses puck.
3:44 of 1st period - Wrist shot by Kevin Labanc.
3:44 of 1st period - Stopped by Charlie Lindgren with a rebound.
3:46 of 1st period - Wrist shot by Matthew Nieto.
3:46 of 1st period - Stopped by Charlie Lindgren with a rebound.
4:17 of 1st period - Haydn Fleury is hit by Kevin Labanc and loses puck.
4:34 of 1st period - Linden Vey is hit by Chris Brown and loses puck.
5:48 of 1st period - Jeff Corbett is hit by Greg Pateryn and loses puck.
5:52 of 1st period - Icing by Jeff Corbett.
5:53 of 1st period - Victor Rask wins face-off versus Colton Sissons in Marlies zone.
6:10 of 1st period - Logan Brown is hit by Mathieu Brodeur and loses puck.
6:29 of 1st period - Snap shot by Aleksi Saarela.
6:29 of 1st period - Stopped by Michael Hutchinson without a rebound.
6:30 of 1st period - Nico Sturm wins face-off versus Aleksi Saarela in Heat zone.
6:55 of 1st period - Nick Ritchie is hit by Kevin Labanc and loses puck.
7:37 of 1st period - Off-side.
7:38 of 1st period - Chris Brown wins face-off versus Logan Brown in neutral zone.
8:03 of 1st period - Victor Rask is hit by Nicholas Baptiste and loses puck.
8:13 of 1st period - Wrist shot by Nick Ritchie.
8:13 of 1st period - Shot Misses the Net.
8:44 of 1st period - Jeff Corbett is hit by Nico Sturm and loses puck.
9:11 of 1st period - Snap shot by Nick Ritchie.
9:11 of 1st period - Stopped by Michael Hutchinson with a rebound.
9:13 of 1st period - Slapshot by Tim Erixon.
9:13 of 1st period - Shot Blocked by Tyler Shattock.
9:15 of 1st period - Slapshot by Jeff Corbett.
9:15 of 1st period - Stopped by Michael Hutchinson with a rebound.
9:17 of 1st period - Snap shot by Nicholas Baptiste.
9:17 of 1st period - Shot Blocked by Rasmus Andersson.
9:24 of 1st period - Icing by Tyler Shattock.
9:25 of 1st period - Logan Brown wins face-off versus Chris Brown in Heat zone.
9:40 of 1st period - Slapshot by JT Compher.
9:40 of 1st period - Shot Misses the Net.
9:52 of 1st period - Wrist shot by Nicholas Baptiste.
9:52 of 1st period - Stopped by Michael Hutchinson with a rebound.
10:00 of 1st period - Snap shot by Jesper Bratt.
10:00 of 1st period - Shot Blocked by Pavel Zacha.
10:02 of 1st period - Wrist shot by Rasmus Andersson.
10:02 of 1st period - Stopped by Charlie Lindgren with a rebound.
10:04 of 1st period - Wrist shot by Chris Brown.
10:04 of 1st period - Shot Misses the Net.
10:06 of 1st period - Wrist shot by Chris Brown.
10:06 of 1st period - Shot Misses the Net.
10:08 of 1st period - Wrist shot by Tyler Shattock.
10:08 of 1st period - Shot Misses the Net.
10:18 of 1st period - Snap shot by Nick Ritchie.
10:18 of 1st period - Stopped by Michael Hutchinson without a rebound.
10:19 of 1st period - Logan Brown wins face-off versus Victor Rask in Heat zone.
10:34 of 1st period - Matthew Nieto is hit by Linden Vey and loses puck.
11:59 of 1st period - Snap shot by Barclay Goodrow.
11:59 of 1st period - Stopped by Charlie Lindgren with a rebound.
12:15 of 1st period - Slapshot by Nick Ritchie.
12:15 of 1st period - Shot Misses the Net.
12:17 of 1st period - Slapshot by Haydn Fleury.
12:17 of 1st period - Shot Blocked by Mathieu Brodeur.
12:19 of 1st period - Snap shot by Neal Pionk.
12:19 of 1st period - Stopped by Michael Hutchinson without a rebound.
12:20 of 1st period - Ryan Spooner wins face-off versus Pavel Zacha in Heat zone.
12:20 of 1st period - Ryan Spooner is hit by Nicholas Baptiste.
12:28 of 1st period - Snap shot by Ryan Spooner.
12:28 of 1st period - Deflect By Evgeny Svechnikov.
12:28 of 1st period - Goal by Evgeny Svechnikov - Heat : 1 - Marlies : 0.
12:29 of 1st period - Pavel Zacha wins face-off versus Victor Rask in neutral zone.
13:08 of 1st period - Petteri Lindbohm is hit by Logan Brown and loses puck.
13:42 of 1st period - Snap shot by Tyler Benson.
13:42 of 1st period - Deflect By Pavel Zacha.
13:42 of 1st period - Shot Misses the Net.
13:42 of 1st period - Puck is out of play.
13:43 of 1st period - Victor Rask wins face-off versus Pavel Zacha in Heat zone.
13:43 of 1st period - Victor Rask is hit by Nicholas Baptiste.
14:10 of 1st period - Wrist shot by Johan Larsson.
14:10 of 1st period - Shot Misses the Net.
14:20 of 1st period - Snap shot by Matthew Nieto.
14:20 of 1st period - Stopped by Charlie Lindgren with a rebound.
15:10 of 1st period - Wrist shot by Matthew Nieto.
15:10 of 1st period - Shot Misses the Net.
15:12 of 1st period - Backhand shot by Greg Pateryn.
15:12 of 1st period - Shot Blocked by Tim Erixon.
15:14 of 1st period - Slapshot by Matthew Nieto.
15:14 of 1st period - Goal by Matthew Nieto - Heat : 2 - Marlies : 0.
15:15 of 1st period - Pavel Zacha wins face-off versus Ryan Spooner in neutral zone.
15:29 of 1st period - Snap shot by Ryan Spooner.
15:29 of 1st period - Shot Misses the Net.
15:44 of 1st period - Off-side.
15:45 of 1st period - Nico Sturm wins face-off versus Colton Sissons in neutral zone.
16:35 of 1st period - Linden Vey is hit by Rasmus Andersson and loses puck.
16:44 of 1st period - Frank Corrado is hit by JT Compher and loses puck.
17:12 of 1st period - Icing by Barclay Goodrow.
17:13 of 1st period - Mathieu Olivier wins face-off versus Victor Rask in Heat zone.
17:14 of 1st period - Snap shot by Colton Sissons.
17:14 of 1st period - Deflect By Kevin Labanc.
17:14 of 1st period - Stopped by Michael Hutchinson with a rebound.
17:40 of 1st period - Slapshot by Nick Ritchie.
17:40 of 1st period - Shot Misses the Net.
17:46 of 1st period - Snap shot by Nick Ritchie.
17:46 of 1st period - Stopped by Michael Hutchinson with a rebound.
17:48 of 1st period - Wrist shot by Tim Erixon.
17:48 of 1st period - Stopped by Michael Hutchinson with a rebound.
18:19 of 1st period - Greg Pateryn is hit by Haydn Fleury and loses puck.
18:24 of 1st period - Wrist shot by Chris Brown.
18:24 of 1st period - Shot Misses the Net.
18:26 of 1st period - Slapshot by Mathieu Brodeur.
18:26 of 1st period - Shot Misses the Net.
18:28 of 1st period - Snap shot by Jesper Bratt.
18:28 of 1st period - Shot Misses the Net.
19:08 of 1st period - Minor Penalty to Dennis Gilbert for Roughing.
19:09 of 1st period - Colton Sissons wins face-off versus Victor Rask in Marlies zone.
19:09 of 1st period - Colton Sissons is hit by Matthew Nieto.
19:53 of 1st period - Jake DeBrusk is hit by Pavel Zacha and loses puck.
Goals for this period are 2 for Heat vs 0 for Marlies.
Shots for this period are 7 for Heat vs 14 for Marlies.
2nd period
0:01 of 2nd period - Colton Sissons wins face-off versus Victor Rask in neutral zone.
0:30 of 2nd period - Snap shot by Ryan Spooner.
0:30 of 2nd period - Shot Misses the Net.
0:32 of 2nd period - Slapshot by Greg Pateryn.
0:32 of 2nd period - Stopped by Charlie Lindgren with a rebound.
0:34 of 2nd period - Snap shot by Evgeny Svechnikov.
0:34 of 2nd period - Stopped by Charlie Lindgren without a rebound.
0:35 of 2nd period - Victor Rask wins face-off versus Nick Ritchie in Marlies zone.
1:05 of 2nd period - Minor Penalty to Jake DeBrusk for Hooking.
1:06 of 2nd period - Victor Rask wins face-off versus Colton Sissons in Heat zone.
1:06 of 2nd period - Victor Rask is hit by Haydn Fleury.
1:08 of 2nd period - Penalty to Dennis Gilbert is over, Dennis Gilbert is back on ice.
1:11 of 2nd period - Snap shot by Victor Rask.
1:11 of 2nd period - Stopped by Charlie Lindgren without a rebound.
1:12 of 2nd period - Victor Rask wins face-off versus Colton Sissons in Marlies zone.
1:17 of 2nd period - Snap shot by Victor Rask.
1:17 of 2nd period - Shot Misses the Net.
1:21 of 2nd period - Wrist shot by Victor Rask.
1:21 of 2nd period - Shot Misses the Net.
1:23 of 2nd period - Snap shot by Kevin Labanc.
1:23 of 2nd period - Stopped by Charlie Lindgren without a rebound.
1:24 of 2nd period - Nico Sturm wins face-off versus Colton Sissons in Marlies zone.
1:27 of 2nd period - Wrist shot by Kevin Labanc.
1:27 of 2nd period - Stopped by Charlie Lindgren without a rebound.
1:28 of 2nd period - Nico Sturm wins face-off versus Colton Sissons in Marlies zone.
3:05 of 2nd period - Penalty to Jake DeBrusk is over, Jake DeBrusk is back on ice.
3:05 of 2nd period - Peter Cehlarik is hit by Pavel Zacha and loses puck.
3:20 of 2nd period - Snap shot by Peter Cehlarik.
3:20 of 2nd period - Stopped by Charlie Lindgren without a rebound.
3:21 of 2nd period - Aleksi Saarela wins face-off versus Chris Brown in Marlies zone.
3:57 of 2nd period - Matthew Nieto is hit by Mathieu Olivier and loses puck.
4:23 of 2nd period - JT Compher is hit by John Gilmour and loses puck.
4:34 of 2nd period - Greg Pateryn is hit by Nick Ritchie and loses puck.
4:47 of 2nd period - Greg Pateryn is hit by Nicholas Baptiste.
5:01 of 2nd period - Snap shot by Jesper Bratt.
5:01 of 2nd period - Shot Misses the Net.
5:03 of 2nd period - Slapshot by Mathieu Brodeur.
5:03 of 2nd period - Deflect By Chris Brown.
5:03 of 2nd period - Stopped by Charlie Lindgren without a rebound.
5:04 of 2nd period - Logan Brown wins face-off versus Chris Brown in Marlies zone.
5:04 of 2nd period - Logan Brown is hit by Tyler Shattock.
5:10 of 2nd period - Frank Corrado is hit by Logan Brown and loses puck.
5:17 of 2nd period - Wrist shot by Linden Vey.
5:17 of 2nd period - Stopped by Michael Hutchinson without a rebound.
5:18 of 2nd period - Victor Rask wins face-off versus Pavel Zacha in Heat zone.
5:23 of 2nd period - Wrist shot by Matthew Nieto.
5:23 of 2nd period - Stopped by Charlie Lindgren with a rebound.
6:15 of 2nd period - Neal Pionk is hit by Ryan Spooner and loses puck.
6:40 of 2nd period - Neal Pionk is hit by Mathieu Brodeur and loses puck.
7:03 of 2nd period - Snap shot by Tyler Shattock.
7:03 of 2nd period - Shot Blocked by Neal Pionk.
7:09 of 2nd period - Pavel Zacha is hit by Tyler Shattock and loses puck.
7:24 of 2nd period - Slapshot by Neal Pionk.
7:24 of 2nd period - Shot Blocked by John Gilmour.
7:36 of 2nd period - Snap shot by Nicholas Baptiste.
7:36 of 2nd period - Shot Misses the Net.
7:48 of 2nd period - Wrist shot by Nick Ritchie.
7:48 of 2nd period - Shot Hit the Post.
7:50 of 2nd period - Snap shot by Nick Ritchie.
7:50 of 2nd period - Stopped by Michael Hutchinson with a rebound.
7:56 of 2nd period - Wrist shot by Nicholas Baptiste.
7:56 of 2nd period - Shot Blocked by Petteri Lindbohm.
7:58 of 2nd period - Wrist shot by Nick Ritchie.
7:58 of 2nd period - Shot Misses the Net.
8:10 of 2nd period - Slapshot by Pavel Zacha.
8:10 of 2nd period - Goal by Pavel Zacha - Heat : 2 - Marlies : 1.
8:11 of 2nd period - Victor Rask wins face-off versus Logan Brown in neutral zone.
8:13 of 2nd period - Minor Penalty to Victor Rask for Delaying the game.
8:14 of 2nd period - Linden Vey wins face-off versus Nico Sturm in Heat zone.
8:32 of 2nd period - Greg Pateryn is hit by Linden Vey and loses puck.
8:41 of 2nd period - Minor Penalty to Linden Vey for Roughing.
8:42 of 2nd period - Colton Sissons wins face-off versus Ryan Spooner in Marlies zone.
9:41 of 2nd period - Slapshot by Peter Cehlarik.
9:41 of 2nd period - Stopped by Charlie Lindgren with a rebound.
9:43 of 2nd period - Backhand shot by Frank Corrado.
9:43 of 2nd period - Stopped by Charlie Lindgren with a rebound.
10:00 of 2nd period - Icing by Neal Pionk.
10:01 of 2nd period - Pavel Zacha wins face-off versus Chris Brown in Marlies zone.
10:12 of 2nd period - Snap shot by Ryan Spooner.
10:12 of 2nd period - Shot Blocked by Jeff Corbett.
10:13 of 2nd period - Penalty to Victor Rask is over, Victor Rask is back on ice.
10:14 of 2nd period - Slapshot by Greg Pateryn.
10:14 of 2nd period - Shot Misses the Net.
10:16 of 2nd period - Slapshot by Greg Pateryn.
10:16 of 2nd period - Deflect By Ryan Spooner.
10:16 of 2nd period - Shot Blocked by Tim Erixon.
10:16 of 2nd period - Puck is out of play.
10:17 of 2nd period - Ryan Spooner wins face-off versus Colton Sissons in Marlies zone.
10:22 of 2nd period - Snap shot by Jake DeBrusk.
10:22 of 2nd period - Shot Misses the Net.
10:24 of 2nd period - Snap shot by Mathieu Brodeur.
10:24 of 2nd period - Deflect By Evgeny Svechnikov.
10:24 of 2nd period - Stopped by Charlie Lindgren without a rebound.
10:25 of 2nd period - Ryan Spooner wins face-off versus Colton Sissons in Marlies zone.
10:40 of 2nd period - Tim Erixon is hit by Greg Pateryn and loses puck.
10:41 of 2nd period - Penalty to Linden Vey is over, Linden Vey is back on ice.
10:47 of 2nd period - Snap shot by Ryan Spooner.
10:47 of 2nd period - Stopped by Charlie Lindgren without a rebound.
10:48 of 2nd period - Logan Brown wins face-off versus Victor Rask in Marlies zone.
11:13 of 2nd period - Frank Corrado is hit by Pavel Zacha.
11:37 of 2nd period - Rasmus Andersson is hit by Johan Larsson and loses puck.
12:37 of 2nd period - Snap shot by Colton Sissons.
12:37 of 2nd period - Deflect By Tyler Benson.
12:37 of 2nd period - Shot Blocked by Mathieu Brodeur.
12:37 of 2nd period - Puck is out of play.
12:38 of 2nd period - Ryan Spooner wins face-off versus Colton Sissons in Heat zone.
12:57 of 2nd period - Snap shot by Mathieu Olivier.
12:57 of 2nd period - Shot Misses the Net.
12:59 of 2nd period - Wrist shot by Tyler Benson.
12:59 of 2nd period - Stopped by Michael Hutchinson with a rebound.
13:01 of 2nd period - Slapshot by Tim Erixon.
13:01 of 2nd period - Deflect By Tyler Benson.
13:01 of 2nd period - Stopped by Michael Hutchinson with a rebound.
13:09 of 2nd period - Snap shot by Tyler Benson.
13:09 of 2nd period - Stopped by Michael Hutchinson with a rebound.
13:21 of 2nd period - Wrist shot by Jake DeBrusk.
13:21 of 2nd period - Shot Blocked by Dennis Gilbert.
13:39 of 2nd period - Slapshot by Evgeny Svechnikov.
13:39 of 2nd period - Deflect By Tyler Benson.
13:39 of 2nd period - Shot Misses the Net.
13:39 of 2nd period - Puck is out of play.
13:40 of 2nd period - Pavel Zacha wins face-off versus Victor Rask in Marlies zone.
13:40 of 2nd period - Pavel Zacha is hit by Matthew Nieto.
13:50 of 2nd period - Snap shot by Matthew Nieto.
13:50 of 2nd period - Goal by Matthew Nieto - Heat : 3 - Marlies : 1.
13:51 of 2nd period - Victor Rask wins face-off versus Pavel Zacha in neutral zone.
14:45 of 2nd period - Snap shot by Jake DeBrusk.
14:45 of 2nd period - Shot Blocked by Jeff Corbett.
15:15 of 2nd period - Neal Pionk is hit by Kevin Labanc and loses puck.
15:40 of 2nd period - Slapshot by Peter Cehlarik.
15:40 of 2nd period - Shot Blocked by Neal Pionk.
16:00 of 2nd period - Slapshot by Haydn Fleury.
16:00 of 2nd period - Shot Blocked by Ryan Spooner.
16:44 of 2nd period - Snap shot by Jesper Bratt.
16:44 of 2nd period - Shot Misses the Net.
17:05 of 2nd period - Snap shot by Colton Sissons.
17:05 of 2nd period - Shot Misses the Net.
17:07 of 2nd period - Wrist shot by Tyler Benson.
17:07 of 2nd period - Shot Blocked by Chris Brown.
18:09 of 2nd period - Snap shot by Kevin Labanc.
18:09 of 2nd period - Stopped by Charlie Lindgren without a rebound.
18:10 of 2nd period - Victor Rask wins face-off versus Logan Brown in Marlies zone.
18:11 of 2nd period - Slapshot by Kevin Labanc.
18:11 of 2nd period - Stopped by Charlie Lindgren without a rebound.
18:12 of 2nd period - Logan Brown wins face-off versus Victor Rask in Marlies zone.
18:17 of 2nd period - Snap shot by JT Compher.
18:17 of 2nd period - Stopped by Michael Hutchinson without a rebound.
18:18 of 2nd period - Logan Brown wins face-off versus Victor Rask in Heat zone.
18:25 of 2nd period - Snap shot by Linden Vey.
18:25 of 2nd period - Stopped by Michael Hutchinson with a rebound.
18:27 of 2nd period - Wrist shot by Linden Vey.
18:27 of 2nd period - Shot Misses the Net.
18:29 of 2nd period - Slapshot by Haydn Fleury.
18:29 of 2nd period - Shot Misses the Net.
18:31 of 2nd period - Wrist shot by Linden Vey.
18:31 of 2nd period - Stopped by Michael Hutchinson with a rebound.
18:33 of 2nd period - Snap shot by Linden Vey.
18:33 of 2nd period - Shot Misses the Net.
19:05 of 2nd period - Slapshot by Neal Pionk.
19:05 of 2nd period - Shot Blocked by Barclay Goodrow.
19:07 of 2nd period - Slapshot by Haydn Fleury.
19:07 of 2nd period - Deflect By Peter Cehlarik.
19:07 of 2nd period - Stopped by Michael Hutchinson without a rebound.
19:08 of 2nd period - Nico Sturm wins face-off versus Colton Sissons in Heat zone.
19:08 of 2nd period - Nico Sturm is hit by Tim Erixon.
19:36 of 2nd period - Wrist shot by Matthew Nieto.
19:36 of 2nd period - Shot Misses the Net.
19:56 of 2nd period - Snap shot by Nicholas Baptiste.
19:56 of 2nd period - Shot Misses the Net.
19:58 of 2nd period - Slapshot by Jeff Corbett.
19:58 of 2nd period - Shot Misses the Net.
Goals for this period are 1 for Heat vs 1 for Marlies.
Shots for this period are 15 for Heat vs 10 for Marlies.
3rd period
0:01 of 3rd period - Victor Rask wins face-off versus Pavel Zacha in neutral zone.
0:11 of 3rd period - Wrist shot by Kevin Labanc.
0:11 of 3rd period - Stopped by Charlie Lindgren with a rebound.
0:13 of 3rd period - Snap shot by Kevin Labanc.
0:13 of 3rd period - Stopped by Charlie Lindgren without a rebound.
0:14 of 3rd period - Victor Rask wins face-off versus Pavel Zacha in Marlies zone.
0:45 of 3rd period - Wrist shot by Jake DeBrusk.
0:45 of 3rd period - Deflect By Linden Vey.
0:45 of 3rd period - Shot Blocked by JT Compher.
0:45 of 3rd period - Puck is out of play.
0:46 of 3rd period - Logan Brown wins face-off versus Ryan Spooner in Marlies zone.
0:55 of 3rd period - Wrist shot by Linden Vey.
0:55 of 3rd period - Stopped by Michael Hutchinson with a rebound.
0:57 of 3rd period - Snap shot by Logan Brown.
0:57 of 3rd period - Stopped by Michael Hutchinson with a rebound.
1:05 of 3rd period - Tim Erixon is hit by Frank Corrado and loses puck.
1:37 of 3rd period - Icing by Kevin Labanc.
1:38 of 3rd period - Nico Sturm wins face-off versus Colton Sissons in Heat zone.
1:40 of 3rd period - Rasmus Andersson is hit by Mathieu Olivier and loses puck.
1:46 of 3rd period - Tim Erixon is hit by Rasmus Andersson.
2:12 of 3rd period - Ryan Spooner is hit by Tyler Benson.
2:21 of 3rd period - Minor Penalty to Tyler Benson for Interference.
2:22 of 3rd period - Victor Rask wins face-off versus Colton Sissons in Marlies zone.
2:36 of 3rd period - Off-side.
2:37 of 3rd period - Victor Rask wins face-off versus Colton Sissons in neutral zone.
3:02 of 3rd period - Snap shot by Kevin Labanc.
3:02 of 3rd period - Deflect By Matthew Nieto.
3:02 of 3rd period - Shot Misses the Net.
3:02 of 3rd period - Puck is out of play.
3:03 of 3rd period - Colton Sissons wins face-off versus Victor Rask in Marlies zone.
3:14 of 3rd period - Snap shot by Matthew Nieto.
3:14 of 3rd period - Deflect By Kevin Labanc.
3:14 of 3rd period - Shot Blocked by Colton Sissons.
3:14 of 3rd period - Puck is out of play.
3:15 of 3rd period - Colton Sissons wins face-off versus Victor Rask in Marlies zone.
3:36 of 3rd period - Snap shot by Jake DeBrusk.
3:36 of 3rd period - Deflect By Evgeny Svechnikov.
3:36 of 3rd period - Shot Blocked by Haydn Fleury.
3:36 of 3rd period - Puck is out of play.
3:37 of 3rd period - Victor Rask wins face-off versus Colton Sissons in Marlies zone.
4:02 of 3rd period - Wrist shot by JT Compher.
4:02 of 3rd period - Deflect By Pavel Zacha.
4:02 of 3rd period - Goal by Pavel Zacha - Heat : 3 - Marlies : 2.
4:03 of 3rd period - Colton Sissons wins face-off versus Victor Rask in neutral zone.
4:21 of 3rd period - Penalty to Tyler Benson is over, Tyler Benson is back on ice.
5:05 of 3rd period - Icing by Chris Brown.
5:06 of 3rd period - Logan Brown wins face-off versus Chris Brown in Heat zone.
5:21 of 3rd period - Chris Brown is hit by JT Compher and loses puck.
5:52 of 3rd period - Tim Erixon is hit by Evgeny Svechnikov and loses puck.
6:11 of 3rd period - Barclay Goodrow is hit by Logan Brown and loses puck.
6:35 of 3rd period - Minor Penalty to Petteri Lindbohm for Hooking.
6:36 of 3rd period - Pavel Zacha wins face-off versus Kevin Labanc in Heat zone.
6:36 of 3rd period - Snap shot by JT Compher.
6:36 of 3rd period - Shot Misses the Net.
6:38 of 3rd period - Slapshot by Nicholas Baptiste.
6:38 of 3rd period - Shot Misses the Net.
6:40 of 3rd period - Slapshot by Pavel Zacha.
6:40 of 3rd period - Stopped by Michael Hutchinson with a rebound.
6:52 of 3rd period - Nico Sturm is hit by Lucas Carlsson and loses puck.
8:35 of 3rd period - Penalty to Petteri Lindbohm is over, Petteri Lindbohm is back on ice.
9:00 of 3rd period - Minor Penalty to Tyler Shattock for Boarding.
9:01 of 3rd period - Nico Sturm wins face-off versus Colton Sissons in Heat zone.
9:11 of 3rd period - Off-side.
9:12 of 3rd period - Colton Sissons wins face-off versus Nico Sturm in neutral zone.
11:00 of 3rd period - Penalty to Tyler Shattock is over, Tyler Shattock is back on ice.
12:06 of 3rd period - Wrist shot by Matthew Nieto.
12:06 of 3rd period - Stopped by Charlie Lindgren with a rebound.
13:17 of 3rd period - Icing by Pavel Zacha.
13:18 of 3rd period - Pavel Zacha wins face-off versus Nico Sturm in Marlies zone.
14:09 of 3rd period - Slapshot by Evgeny Svechnikov.
14:09 of 3rd period - Stopped by Charlie Lindgren with a rebound.
14:11 of 3rd period - Snap shot by Ryan Spooner.
14:11 of 3rd period - Shot Misses the Net.
14:13 of 3rd period - Snap shot by Ryan Spooner.
14:13 of 3rd period - Shot Blocked by Jeff Corbett.
14:23 of 3rd period - Slapshot by Rasmus Andersson.
14:23 of 3rd period - Shot Misses the Net.
14:25 of 3rd period - Snap shot by Frank Corrado.
14:25 of 3rd period - Stopped by Charlie Lindgren without a rebound.
14:26 of 3rd period - Chris Brown wins face-off versus Tyler Benson in Marlies zone.
14:35 of 3rd period - Wrist shot by Chris Brown.
14:35 of 3rd period - Stopped by Charlie Lindgren with a rebound.
15:13 of 3rd period - Off-side.
15:14 of 3rd period - Nico Sturm wins face-off versus Pavel Zacha in neutral zone.
15:24 of 3rd period - Wrist shot by Pavel Zacha.
15:24 of 3rd period - Shot Blocked by Peter Cehlarik.
15:40 of 3rd period - Snap shot by JT Compher.
15:40 of 3rd period - Stopped by Michael Hutchinson with a rebound.
15:42 of 3rd period - Slapshot by Tim Erixon.
15:42 of 3rd period - Shot Hit the Post.
15:44 of 3rd period - Snap shot by JT Compher.
15:44 of 3rd period - Shot Misses the Net.
15:46 of 3rd period - Slapshot by Tim Erixon.
15:46 of 3rd period - Stopped by Michael Hutchinson with a rebound.
15:48 of 3rd period - Slapshot by Jeff Corbett.
15:48 of 3rd period - Deflect By JT Compher.
15:48 of 3rd period - Stopped by Michael Hutchinson with a rebound.
16:04 of 3rd period - Petteri Lindbohm is hit by Tobias Lindberg and loses puck.
16:24 of 3rd period - Slapshot by Nick Ritchie.
16:24 of 3rd period - Goal by Nick Ritchie - Heat : 3 - Marlies : 3.
16:25 of 3rd period - Pavel Zacha wins face-off versus Barclay Goodrow in neutral zone.
16:30 of 3rd period - Snap shot by Nico Sturm.
16:30 of 3rd period - Stopped by Charlie Lindgren with a rebound.
16:32 of 3rd period - Backhand shot by Barclay Goodrow.
16:32 of 3rd period - Shot Misses the Net.
16:34 of 3rd period - Snap shot by Nico Sturm.
16:34 of 3rd period - Stopped by Charlie Lindgren with a rebound.
16:36 of 3rd period - Snap shot by Barclay Goodrow.
16:36 of 3rd period - Stopped by Charlie Lindgren with a rebound.
16:38 of 3rd period - Snap shot by Peter Cehlarik.
16:38 of 3rd period - Stopped by Charlie Lindgren without a rebound.
16:39 of 3rd period - Colton Sissons wins face-off versus Nico Sturm in Marlies zone.
16:44 of 3rd period - Snap shot by Colton Sissons.
16:44 of 3rd period - Shot Misses the Net.
16:46 of 3rd period - Wrist shot by Haydn Fleury.
16:46 of 3rd period - Deflect By Colton Sissons.
16:46 of 3rd period - Stopped by Michael Hutchinson with a rebound.
16:50 of 3rd period - Snap shot by Colton Sissons.
16:50 of 3rd period - Shot Misses the Net.
17:09 of 3rd period - Wrist shot by Matthew Nieto.
17:09 of 3rd period - Deflect By Victor Rask.
17:09 of 3rd period - Shot Blocked by Nicholas Baptiste.
17:09 of 3rd period - Puck is out of play.
17:10 of 3rd period - Nick Ritchie wins face-off versus Victor Rask in Marlies zone.
17:19 of 3rd period - Wrist shot by Nicholas Baptiste.
17:19 of 3rd period - Shot Misses the Net.
17:21 of 3rd period - Slapshot by Tim Erixon.
17:21 of 3rd period - Deflect By Matthew Nieto.
17:21 of 3rd period - Stopped by Michael Hutchinson with a rebound.
17:23 of 3rd period - Wrist shot by Nick Ritchie.
17:23 of 3rd period - Goal by Nick Ritchie - Heat : 3 - Marlies : 4.
17:24 of 3rd period - Colton Sissons wins face-off versus Nico Sturm in neutral zone.
17:33 of 3rd period - Wrist shot by Colton Sissons.
17:33 of 3rd period - Shot Blocked by Greg Pateryn.
17:42 of 3rd period - Minor Penalty to Colton Sissons for Roughing.
17:43 of 3rd period - Aleksi Saarela wins face-off versus Victor Rask in Marlies zone.
19:42 of 3rd period - Penalty to Colton Sissons is over, Colton Sissons is back on ice.
Goals for this period are 0 for Heat vs 3 for Marlies.
Shots for this period are 10 for Heat vs 11 for Marlies.